 Dungeon Crawl Stone Soup version 0.29.1-4-g47bece8355 (webtiles) character file.

Game seed: 16438963691198014939

62 firemarshallily the Magician (level 4, -3/33 HPs)
             Began as a Djinni Conjurer on Dec 7, 2022.
             Killed from afar by an orc wizard (7 damage)
             ... with a magic dart
             ... on level 2 of the Dungeon.
             The game lasted 00:04:52 (1088 turns).

firemarshallily the Magician (Djinni Conjurer)      Turns: 1088, Time: 00:04:52

Health: -3/33      AC:  2    Str:  6    XL:     4   Next: 28%
Gold:   97         EV: 12    Int: 21    God:
                   SH:  0    Dex: 12

rFire   + + .      SeeInvis .   e - +2 short sword (freeze)
rCold   x . .      Faith    .   (no shield)
rNeg    . . .      Spirit   .   a - +0 robe
rPois   ∞          Reflect  .   (no helmet)
rElec   .          Harm     .   (no cloak)
rCorr   .          Rampage  .   (no gloves)
Will    .....                   (boots unavailable)
Stlth   +.........              (no amulet)
HPRegen 0.11/turn               (no ring)
MPRegen 0.00/turn               (no ring)

@: confused, flying
A: sickness immunity, fire resistance 2, cold vulnerability 1, float, innate
caster, HP casting, extra vitality 1
a: no special abilities


You were on level 2 of the Dungeon.
You visited 1 branch of the dungeon, and saw 2 of its levels.

You collected 97 gold pieces.

Inventory:

Hand Weapons
 e - a +2 short sword of freezing (weapon)
Armour
 a - a +0 robe (worn)
Scrolls
 b - a scroll of identify {unknown}
 f - a scroll of teleportation {unknown}
 h - a scroll of acquirement {unknown}
 i - a scroll of butterflies {unknown}
Potions
 c - a potion of cancellation {unknown}
 d - a potion of curing {unknown}
 g - a potion of resistance {unknown}


   Skills:
 * Level 2.1 Fighting
 + Level 2.8 Dodging
 - Level 1.5 Stealth
 * Level 3.7 Spellcasting


You couldn't memorise any spells.
You knew the following spells:

 Your Spells              Type           Power      Damage    Failure   Level
a - Magic Dart            Conj           76%        1d6       2%          1
b - Searing Ray           Conj           38%        2d5       4%          2
c - Dazzling Flash        Conj/Hex       38%        N/A       8%          3
d - Fulminant Prism       Conj/Hex       9%         3d7       26%         4
e - Iskenderun's Mystic   Conj/Tloc      19%        2d6       26%         4
f - Shock                 Conj/Air       76%        1d7       2%          1
Your spell library was empty.

Dungeon Overview and Level Annotations

Branches:
Dungeon (2/15)

Altars:


Innate Abilities, Weirdness & Mutations

You are immune to sickness and miasma.
You are immune to poison.
Your flesh is very heat resistant. (rF++)
You are vulnerable to cold. (rC-)
You float through the air rather than walking.
You learn spells naturally, not from books.
Your magical power is your life essence.
You have superior vitality. (+4 MHP)


Message History

You closely miss something. Something hits you.
You miss something.
The orc shouts!
Something hits you but does no damage.
You have nothing you can fire or use right now.
Casting: Magic Dart (safe; 2% risk of failure)
Confirm with . or Enter, or press ? or * to list all spells.
Okay, then.
Casting: Magic Dart (safe; 2% risk of failure)
Confirm with . or Enter, or press ? or * to list all spells.
You don't know that spell.
Casting: Magic Dart (safe; 2% risk of failure)
Confirm with . or Enter, or press ? or * to list all spells.
Okay, then.
Casting: Magic Dart (safe; 2% risk of failure)
Confirm with . or Enter, or press ? or * to list all spells.
Aiming: Searing Ray (safe; 4% risk of failure)
Press: ? - help, Shift-Dir - straight line, f - orc
Aim: an orc, wielding a +1 dagger of venom (78% to hit)
The searing ray hits the endoplasm!
You kill the endoplasm!
The searing ray misses the orc.
The searing ray hits the orc.
The orc is heavily wounded. (Press . to maintain the ray.)
You hear some strange, mumbled words.
You are confused.
You're too confused to cast spells.
You miss something. Something hits you but does no damage.
The orc hits you with a +0 hand axe.
You closely miss the orc.
You hear some strange, mumbled words.
You are more confused.
The orc barely misses you.
You miss something. Something hits you. The orc hits you with a +0 hand axe.
* * * LOW HITPOINT WARNING * * *
You closely miss the orc.
You hear some strange, mumbled words.
A magic dart appears from out of thin air!
The magic dart hits you!
You die...

#.##.
.....#....##
#.# .#
...........#
...........#
...........#
.....#...###
#######.##
#.#
#######.#
#...oo@{#
#.#######


You could see 2 orcs.

Vanquished Creatures
  An orc priest (D:2)
  A dart slug (D:2)
  An orc (D:2)
  6 ball pythons
  3 bats
  2 endoplasms
  A giant cockroach (D:1)
  A goblin (D:1)
  A hobgoblin (D:1)
  3 frilled lizards (D:1)
  8 kobolds
28 creatures vanquished.

Vanquished Creatures (others)
  3 plants (D:1)
  2 withered plants (D:1)
5 creatures vanquished.

Grand Total: 33 creatures vanquished

Notes
Turn   | Place    | Note
-------+----------+-------------------------------------------
     0 | D:1      | firemarshallily the Djinni Conjurer began the quest for the
                  | Orb.
     0 | D:1      | firemarshallily set off with the following spells
                  | memorised: Magic Dart, Searing Ray, Dazzling Flash,
                  | Fulminant Prism, Iskenderun's Mystic Blast.
     0 | D:1      | Reached XP level 1. HP: 15/15 MP: 0/0
   152 | D:1      | Reached XP level 2. HP: 15/22 MP: 0/0
   277 | D:1      | Reached skill level 1 in Fighting
   471 | D:1      | Found a faded altar of an unknown god.
   627 | D:1      | Reached XP level 3. HP: 20/27 MP: 0/0
   627 | D:1      | Learned a level 1 spell: Shock
  1071 | D:2      | Reached XP level 4. HP: 29/33 MP: 0/0
  1088 | D:2      | Killed from afar by an orc wizard

Illustrated notes

Levels and vault maps discovered:
D:1:      amcnicky_arrival_underground_garden, layout_rooms,
          shapermc_ecumenical_altar_flowoftime
D:2:      layout_loops_cross, uniq_jessica

Skill      XL: |  1  2  3 |
---------------+----------+-----
Fighting       | 1 2 |  2.1
Dodging        | |  2.8
Stealth        | |  1.5
Spellcasting   | |  3.7

Action                   |  1- 3 |  4- 6 || total
-------------------------+-------+-------++-------
Melee: Short sword       |    23 |    10 ||    33
 Cast: Magic Dart        |    46 |     6 ||    52
       Searing Ray       |       |     1 ||     1
 Stab: Sleeping          |     1 |       ||     1
Armor: Robe              |       |     2 ||     2
Dodge: Dodged            |     3 |     2 ||     5
